 Dungeon Crawl Stone Soup version 0.29.0-15-g675c0067aa (webtiles) character file.

Game seed: 1437857692176632995

69 mora the Ducker (level 4, -3/32 HPs)
             Began as a Djinni Earth Elementalist on Sept 11, 2022.
             Slain by an orc
             ... wielding a +0 falchion
              (5 damage)
             ... on level 3 of the Dungeon.
             The game lasted 00:02:07 (2046 turns).

mora the Ducker (Djinni Earth Elementalist)         Turns: 2046, Time: 00:02:08

Health: -3/32      AC:  3    Str:  7    XL:     4   Next: 42%
Gold:   102        EV: 13    Int: 18    God:
                   SH:  0    Dex: 14

rFire   + + .      SeeInvis +   (no weapon)
rCold   x . .      Faith    .   (no shield)
rNeg    . . .      Spirit   .   a - +0 robe
rPois   ∞          Reflect  .   (no helmet)
rElec   .          Harm     .   (no cloak)
rCorr   .          Rampage  .   f - +0 pair of gloves
Will    .....                   (boots unavailable)
Stlth   ++........              (no amulet)
HPRegen 0.10/turn               c - ring of see invisible
MPRegen 0.00/turn               (no ring)

@: flying, very slightly contaminated
A: sickness immunity, fire resistance 2, cold vulnerability 1, float, innate
caster, HP casting, extra vitality 1
a: no special abilities


You were on level 3 of the Dungeon.
You visited 1 branch of the dungeon, and saw 3 of its levels.

You collected 102 gold pieces.

Inventory:

Armour
 a - a +0 robe (worn)
 f - a +0 pair of gloves (worn)
Jewellery
 c - a ring of see invisible (left hand)
Scrolls
 d - 2 scrolls of teleportation {unknown}
Potions
 b - a potion of brilliance {unknown}
 e - a potion of cancellation {unknown}
 g - a potion of berserk rage {unknown}
 h - a potion of attraction {unknown}


   Skills:
 + Level 1.6 Fighting
 + Level 3.0 Dodging
 + Level 2.3 Stealth
 + Level 2.8 Spellcasting


You couldn't memorise any spells.
You knew the following spells:

 Your Spells              Type           Power      Damage    Failure   Level
a - Sandblast             Erth           24%        2d8       4%          1
b - Passwall              Tmut/Erth      10%        N/A       8%          2
c - Stone Arrow           Conj/Erth      24%        3d8       16%         3
d - Petrify               Tmut/Erth      12%        N/A       45%         4
e - Sting                 Tmut/Pois      48%        1d5       4%          1
Your spell library was empty.

Dungeon Overview and Level Annotations

Branches:
Dungeon (3/15)

Altars:


Innate Abilities, Weirdness & Mutations

You are immune to sickness and miasma.
You are immune to poison.
Your flesh is very heat resistant. (rF++)
You are vulnerable to cold. (rC-)
You float through the air rather than walking.
You learn spells naturally, not from books.
Your magical power is your life essence.
You have superior vitality. (+4 MHP)


Message History

The orc closely misses you.
Casting: Sandblast (safe; 4% risk of failure)
Confirm with . or Enter, or press ? or * to list all spells.
Aiming: Sandblast (safe; 4% risk of failure)
Press: ? - help, Shift-Dir - straight line, f/p - orc
Aim: an orc, wielding a +0 falchion and wearing a +0 chain mail (severely wounded, 87% to hit)
The blast of sand hits the orc but does no damage.
The orc is severely wounded.
The orc hits you with a +0 falchion. x2
* * * LOW HITPOINT WARNING * * *
An orc is nearby!
Casting: Sandblast (safe; 4% risk of failure)
Confirm with . or Enter, or press ? or * to list all spells.
Aiming: Sandblast (safe; 4% risk of failure)
Press: ? - help, Shift-Dir - straight line, f/p - orc
Aim: an orc, wielding a +0 falchion and wearing a +0 chain mail (severely wounded, 87% to hit)
You miscast Sandblast.
You are very lightly contaminated with residual magic.
Nothing appears to happen.
* * * LOW HITPOINT WARNING * * *
The orc hits you with a +0 falchion.
* * * LOW HITPOINT WARNING * * *
Casting: Sandblast (safe; 4% risk of failure)
Confirm with . or Enter, or press ? or * to list all spells.
Aiming: Sandblast (safe; 4% risk of failure)
Press: ? - help, Shift-Dir - straight line, f/p - orc
Aim: an orc, wielding a +0 falchion and wearing a +0 chain mail (severely wounded, 87% to hit)
The blast of sand hits the orc.
The orc is almost dead.
* * * LOW HITPOINT WARNING * * *
The orc closely misses you.
Casting: Sandblast (safe; 4% risk of failure)
Confirm with . or Enter, or press ? or * to list all spells.
Aiming: Sandblast (safe; 4% risk of failure)
Press: ? - help, Shift-Dir - straight line, f/p - orc
Aim: an orc, wielding a +0 falchion and wearing a +0 chain mail (severely wounded, 87% to hit)
The blast of sand misses the orc.
* * * LOW HITPOINT WARNING * * *
The orc closely misses you. The orc hits you with a +0 falchion.
You die...

♣♣P........
######.P♣..P....♣
#...÷..P♣P.....P♣
#.....♣.♣♣..♣..♣♣
#......♣.P.♣..r.P
########.....#♣.P...♣o..
.........<.....♣.♣PPP)r♣
.............#.P.P♣P.♣♣.
......o@......#P♣♣♣♣♣..P
.............#P...♣)†)♣.
.............#♣P...♣.♣P♣
.............♣.).♣♣♣♣♣♣P
............#.♣♣......♣♣
............#♣.♣♣♣.♣P♣♣
............#..♣ ..♣
.....#########♣♣ ♣P.♣
... ♣♣.♣


You could see an orc.

Vanquished Creatures
  2 adders (D:2)
  4 orcs (D:3)
  5 giant cockroaches
  5 goblins
  6 hobgoblins
  4 jackals (D:1)
  5 quokkas
  3 frilled lizards
  2 kobolds
  4 rats
40 creatures vanquished.

Vanquished Creatures (others)
  7 plants (D:3)
7 creatures vanquished.

Grand Total: 47 creatures vanquished

Notes
Turn   | Place    | Note
-------+----------+-------------------------------------------
     0 | D:1      | mora the Djinni Earth Elementalist began the quest for the
                  | Orb.
     0 | D:1      | mora set off with the following spells memorised:
                  | Sandblast, Passwall, Stone Arrow, Petrify.
     0 | D:1      | Reached XP level 1. HP: 15/15 MP: 0/0
   325 | D:1      | Reached XP level 2. HP: 19/22 MP: 0/0
  1099 | D:2      | Reached skill level 1 in Fighting
  1099 | D:2      | Reached XP level 3. HP: 25/27 MP: 0/0
  1099 | D:2      | Learned a level 1 spell: Sting
  1215 | D:2      | HP: 1/27 [hobgoblin (3)]
  1490 | D:2      | Reached XP level 4. HP: 26/32 MP: 0/0
  1838 | D:3      | Reached skill level 3 in Dodging
  2046 | D:3      | Slain by an orc

Illustrated notes

Levels and vault maps discovered:
D:1:      nzn_arrival_depleted_hourglass, layout_rooms, minmay_misc_feat_alley
D:2:      layout_rooms, due_unseen_surprise
D:3:      wad_woods_stonehenge, layout_basic,
          hellmonk_ecumenical_altar_dog_temple, ebering_ghost_sewer_f

Skill      XL: |  1  2  3  4 |
---------------+-------------+-----
Stealth        | 2 |  2.3
Fighting       | 1 |  1.6
Dodging        | 3 |  3.0
Spellcasting   | |  2.8

Action                   |  1- 3 |  4- 6 || total
-------------------------+-------+-------++-------
Melee: Unarmed           |       |     2 ||     2
 Cast: Sandblast         |    51 |    27 ||    78
  Use: Potion            |     2 |       ||     2
       Scroll            |     1 |       ||     1
Armor: Robe              |     4 |     5 ||     9
Dodge: Dodged            |    24 |    15 ||    39
